 Dungeon Crawl Stone Soup version 0.22-a0-305-gd21a89c (webtiles) character file.

37669 ololoev the Thaumaturge (level 13, -8/86 HPs)
             Began as a Ghoul Wizard on Mar 28, 2018.
             Was an Elder of Vehumet.
             Mangled by a six-headed hydra (11 damage)
             ... on level 5 of the Lair of Beasts.
             The game lasted 02:10:28 (20829 turns).

ololoev the Thaumaturge (Ghoul Wizard)             Turns: 20829, Time: 02:10:29

Health: -8/86      AC:  5    Str: 12    XL:     13   Next: 98%
Magic:  3/27       EV: 11    Int: 17    God:    Vehumet [****..]
Gold:   933        SH:  4    Dex:  7    Spells: 14/35 levels left

rFire    + . .     SeeInvis .   a - +8 hunting sling
rCold    + . .     Gourm    .   r - +1 buckler
rNeg     + + +     Faith    .   k - +0 robe of Winter {rF+ rN+ MR+ Int-2}
rPois    ∞         Spirit   .   y - +2 hat
rElec    .         Reflect  .   M - scarf {repulsion}
rCorr    .         Harm     .   x - +0 pair of gloves
MR       +....                  (no boots)
Stlth    +.........             (no amulet)
HPRegen  0.00/turn              l - +2 ring of intelligence
MPRegen  0.20/turn              J - ring of wizardry

@: rotting, drained, repel missiles
A: rotting body, claws 1, carnivore, cold resistance 1, negative energy
resistance 3, inhibited regeneration, torment resistance, unbreathing
a: Renounce Religion


Innate Abilities, Weirdness & Mutations

Your body is rotting away.
You thrive on raw meat.
You are immune to poison.
You have sharp fingernails.
You are carnivorous and can eat meat at any time.
Your flesh is cold resistant. (rC+)
You are immune to negative energy. (rN+++)
You do not regenerate when monsters are visible.
You are immune to unholy pain and torment.
You can survive without breathing.

Inventory:

Hand Weapons
 a - a +8 hunting sling (weapon)
Missiles
 i - 55 sling bullets (quivered)
 B - 6 throwing nets
Armour
 k - the +0 robe of Winter (worn) {rF+ rN+ MR+ Int-2}
   (You bought it in a shop on level 5 of the Dungeon)

   It affects your intelligence (-2).
   It protects you from fire.
   It protects you from negative energy.
   It affects your resistance to hostile enchantments.
 r - a +1 buckler (worn)
 x - a +0 pair of gloves (worn)
 y - a +2 hat (worn)
 M - a scarf of repulsion (worn)
Magical Staves
 b - an uncursed staff of wizardry
Jewellery
 c - an uncursed ring of resist corrosion
 g - an uncursed ring of see invisible
 l - a +2 ring of intelligence (left hand)
 m - an uncursed ring of fire
 J - a ring of wizardry (right hand)
Wands
 h - a wand of digging (15)
 C - a wand of acid (12)
 D - a wand of clouds (2)
 E - a wand of scattershot (1)
 H - a wand of paralysis (12)
Scrolls
 e - 10 scrolls of teleportation
 q - 2 scrolls of enchant armour
 u - a scroll of magic mapping
 v - 4 scrolls of remove curse
 w - 2 scrolls of fog
 G - 3 scrolls of summoning
 I - a scroll of amnesia
 K - a scroll of immolation
 L - a scroll of torment
Potions
 j - 2 potions of resistance
 n - 3 potions of might
 o - 4 potions of heal wounds
 p - a potion of ambrosia
 s - 4 potions of haste
 t - 6 potions of curing
 z - 2 potions of brilliance
 A - 2 potions of agility
 F - 2 potions of flight
Comestibles
 d - 25 rations


   Skills:
 - Level 1.7(1.4) Dodging
 - Level 2.1(1.9) Stealth
 - Level 2.1(1.8) Shields
 + Level 11.8(11.4) Spellcasting
 + Level 11.5(11.1) Conjurations
 - Level 0.8(0.5) Summonings
 - Level 0.8(0.5) Translocations
 + Level 11.1(10.7) Fire Magic
 - Level 3.0(2.7) Ice Magic


You had 14 spell levels left.
You knew the following spells:

 Your Spells              Type           Power        Failure   Level  Hunger
a - Searing Ray           Conj           #####.       1%          2    None
b - Throw Icicle          Conj/Ice       ####....     1%          4    ##.....
c - Mephitic Cloud        Conj/Pois/Air  ###.....     1%          3    None
d - Conjure Flame         Conj/Fire      #####...     1%          3    None
e - Call Imp              Summ           ##......     4%          2    None
f - Magic Dart            Conj           ####         1%          1    None
g - Fulminant Prism       Conj/Hex       ####......   1%          4    ##.....
k - Blink                 Tloc           N/A          4%          2    None


You were on level 5 of the Lair of Beasts.
You worshipped Vehumet.
Vehumet was greatly pleased with you.
You were not hungry.

You visited 4 branches of the dungeon, and saw 20 of its levels.

You collected 1500 gold pieces.
You spent 567 gold pieces at shops.

#.....P ... #
#.....##....
#.###.....#.....
...............#
....%....%......
..............
#.....P....#
###..@.....#
#...PD.##..#
##P..#§§P#..##..
.....#P§§PP#.....
....PP#§§§.P.....
.....##§§§##.....
.....P#§§(P##.../
.....P.§§§#PPP...
....#k..P#P##...

Notes
Turn   | Place    | Note
-------+----------+-------------------------------------------
     0 | D:1      | ololoev the Ghoul Wizard began the quest for the Orb.
     0 | D:1      | Reached XP level 1. HP: 14/14 MP: 3/3
     0 | D:1      | Kikal: орб убил?
     0 | D:1      | ololoev: da, zatabalsya
     0 | D:1      | Kikal: жесть
     0 | D:1      | DEFE: 13
     0 | D:1      | Amnesiac: ты собрался в зиги?
     0 | D:1      | ololoev: da
     0 | D:1      | ololoev: хочу посмотреть как гуль себя там ведет
     0 | D:1      | DEFE: 21 инты
     0 | D:1      | DEFE: родной
     0 | D:1      | ololoev: теоретически должно быть норм
     7 | D:1      | DEFE: ну уже норм
    44 | D:1      | Reached skill level 1 in Conjurations
   117 | D:1      | Kikal: а какой бог?
   127 | D:1      | ololoev: снабыл юра
   127 | D:1      | ololoev: *был
   127 | D:1      | Amnesiac: юра?
   127 | D:1      | Kikal: а за гуля?
   127 | D:1      | Amnesiac: 21 инты это откуда, defe
   127 | D:1      | Amnesiac: 13+9=21? =Р
   127 | D:1      | Amnesiac: а где-то собирается русское комьюнити кроула на каких-то досках или дискордах?
   127 | D:1      | Kikal: на двачах
   127 | D:1      | Amnesiac: там свежие есть какие-то новости?
   127 | D:1      | ololoev: вот кстати чем фе старт лучше так это тем что можн оводу абузить
   127 | D:1      | Amnesiac: пар?
   127 | D:1      | Kikal: оводу?
   127 | D:1      | ololoev: да
   127 | D:1      | Kikal: аа
   127 | D:1      | Amnesiac: так можно просто поставить туда облако огня вобщем-то
   127 | D:1      | Amnesiac: неплохая штука, будет пердеть паром во все стороны
   127 | D:1      | ololoev: вот только облако огня доступно с 3го лвла, а тонг - с 1го
   127 | D:1      | Amnesiac: а чуваки будут из пара в огонь идти
   127 | D:1      | Amnesiac: ну это да, но воды-то обычно нет на D1
   127 | D:1      | Amnesiac: язык страшен в воде
   127 | D:1      | Amnesiac: от пара больше урона идёт и не увернуться
   127 | D:1      | ololoev: ну так надо уворачиваться
   127 | D:1      | ololoev: вода конечно не всегда есть, но когда есть - сильно помогает
   127 | D:1      | Amnesiac: я имею в виду для монстров страшен
   127 | D:1      | ololoev: особенно таким инвалидам как GhFE
   127 | D:1      | Amnesiac: GhFE вообще может впринципе качнуть UC на пару и ковырять крыс
   127 | D:1      | Amnesiac: может и не качать мб
   127 | D:1      | Amnesiac: чё-то утро а я не спал ещё
   127 | D:1      | ololoev: на двачах кстати особо ничего интересно нет, казуал изредка что-то постит про свои похождения, раз в неделю нуб спрашивает какую пушку взять
   127 | D:1      | ololoev: сейчас даже тред смыло и никто не создает
   127 | D:1      | Amnesiac: я загуглил 2ch crawl но там чё-то свежести не особо
   127 | D:1      | ololoev: пару лет назад были чеисрачи, народ ныл насче твыпиливания чего-либо, спорили по поводу того стоит ли скорость фелидов их убогости и я доказывал что ДЕ сучшая раса из-за кучи инты и апт к магии, несмотря на то что хп мало
   127 | D:1      | Amnesiac: я думаю брось какашку и когтями ковыряй, так урон больше (на 1)
   127 | D:1      | ololoev: но так точность фиговее
   168 | D:1      | Amnesiac: я серьёзно, дагер не особо гулю
   179 | D:1      | Reached XP level 2. HP: 15/19 MP: 0/4
   186 | D:1      | ololoev: не
   186 | D:1      | ololoev: меня уже шакал 1 на 1 затабал когда я был с когтями
   186 | D:1      | ololoev: ну их нафиг
   186 | D:1      | ololoev: там же всего 1 лвл
   256 | D:1      | Amnesiac: может 6 точности с дагера и стоит чего-то
   279 | D:1      | Amnesiac: чё это у него за ножик
   330 | D:1      | Amnesiac: импа учи они сильны
   331 | D:1      | ololoev: точно
   331 | D:1      | ReniFell: У анармд комбата без статов и стартового скилла пиздец проблемы в начале. Даже с когтями, если ты не тролль
   331 | D:1      | ololoev: это ж визард, тут с 2 лвла спелы идут
   334 | D:1      | Learned a level 2 spell: Call Imp
   337 | D:1      | Learned a level 2 spell: Blink
   430 | D:1      | Amnesiac: я бы не учил оба спела на 3ие оставил
   437 | D:1      | ololoev: на мефитик хватит
   437 | D:1      | Amnesiac: от блинка в начале пользы не особо, лучше импа позвать
   437 | D:1      | ololoev: а блинк может спасти внезапно
   437 | D:1      | ololoev: если зажали
   451 | D:1      | Reached XP level 3. HP: 25/26 MP: 3/6
   452 | D:1      | ReniFell: Блинк же самыйы полезный спелл в игре, ты чо
   452 | D:1      | Amnesiac: за импа спрятаться надёжней
   468 | D:1      | ololoev: если зажали то поздно звать импа
   570 | D:1      | Amnesiac: надо раньше звать =Р а так конечно всякое бывает
   572 | D:1      | Amnesiac: о белый хорош
   579 | D:1      | ReniFell: Спускаешься ты на д3, а там огер у ступенек стоит, поджидает
   625 | D:1      | ReniFell: А у тебя 26 хп
   625 | D:1      | Amnesiac: просто 3ие уровни ещё круче
   722 | D:1      | Amnesiac: по крайней мере я их первыми стараюсь брать
   884 | D:1      | ReniFell: Мклауд может и не сработать с первой тычки, а может вообще не заспавниться, когда вплотную кастуешь
   884 | D:1      | Amnesiac: кстати у меня тут вчера на D6 был skeletal warrior как такое
   919 | D:1      | ReniFell: А блинк всегда сейвит
   963 | D:1      | ReniFell: На д6 и дяка можно словить, это же кравол
  1001 | D:2      | Amnesiac: меф в середине облака всегда работает
  1006 | D:2      | Amnesiac: в плотную ничего не меняет
  1007 | D:2      | ololoev: я думаю он имел в виду чара без рпойза
  1007 | D:2      | ReniFell: Ну на гуле это мб и норм (они же тоже не дышат, да?), но попробуй на живой расе покастовать мклауд вплотную без рпоиз
  1058 | D:2      | ololoev: робин что-ли
  1060 | D:2      | Amnesiac: если приперает то так и делаю, пару шагов иногда пошататься приходится
  1080 | D:2      | Amnesiac: хороши белые
  1080 | D:2      | ololoev: aga
  1080 | D:2      | Amnesiac: обожаю их
  1080 | D:2      | Amnesiac: и урон нехилый для ранней игры
  1080 | D:2      | ololoev: бесплатный throw frost spire
  1080 | D:2      | ololoev: ну почти бесплатный
  1080 | D:2      | ReniFell: Вот поэтому проще просто кастнуть блинк, а потом мклауд, либо просто убежать, если мклауда нет еще
  1081 | D:2      | Amnesiac: кстати как там с мефом и прочим
  1081 | D:2      | ololoev: вот примерно такие дебаты пару лет назад наполняли тред про кравл на двачах
  1090 | D:2      | ololoev: ее кольцо фаера
  1090 | D:2      | ololoev: осталось фб найти
  1090 | D:2      | ReniFell: pizdec debati
  1150 | D:2      | Amnesiac: 3 импа просто надо звать всегда и никаких проблем
  1192 | D:2      | Reached XP level 4. HP: 33/33 MP: 8/8
  1211 | D:2      | Amnesiac: !apt gh mp
  1213 | D:2      | beem: Gh (SK_MP)=-1*
  1217 | D:2      | Learned a level 3 spell: Mephitic Cloud
  1420 | D:2      | ReniFell: Вчера кстати тидбитс тоже блинк не захотел вкачать, так чуть не помер от гост краба на свомп4
  1463 | D:2      | Amnesiac: ну к болоту уже без вопросов надо брать блинк
  1543 | D:2      | You fall through a shaft for 2 floors!
  1543 | D:2      | ReniFell: Он кстати вр на тме сделал вчера, обогнав чарли на 50 турнов или что-то такое
  1543 | D:2      | ololoev: опа шахта!
  1543 | D:2      | ReniFell: !hs * --tm
  1543 | D:2      | beem: 504118. tidbits the Acrobat (L27 GnTm of Cheibriados), escaped with the Orb and 15 runes on 2018-03-27 19:19:07, with 69389526 points after 20736 turns and 10:48:05.
  1543 | D:2      | ReniFell: !hs * --tm -2
  1543 | D:2      | beem: 504117/504118. Charly the Sensei (L27 VSTm of Cheibriados), escaped with the Orb and 15 runes on 2016-07-20 04:34:38, with 69076515 points after 20784 turns and 7:37:37.
  1544 | D:4      | ReniFell: 48 турнов :D
  1544 | D:4      | Amnesiac: лол
  1557 | D:4      | Amnesiac: это весёлая победа
  1568 | D:4      | ololoev: так
  1568 | D:4      | Amnesiac: чё там с облаком огня
  1568 | D:4      | ololoev: вот теперь я пожалел что взял блинк вместо конжура
  1569 | D:4      | Amnesiac: лол
  1570 | D:4      | Amnesiac: А Я ГОВОРИЛ
  1577 | D:4      | ReniFell: Такой себе волт для д4, просто скипни до кфлейм
  1579 | D:4      | ololoev: я не про волт
  1579 | D:4      | ololoev: я про скелета
  1579 | D:4      | Amnesiac: коробка конечно такая охуенная если качать evo
  1579 | D:4      | ReniFell: Да я понял
  1579 | D:4      | ololoev: волт легкий так то
  1579 | D:4      | ReniFell: Ну посмотрим
  1579 | D:4      | Amnesiac: она убивает совершенно всё
  1579 | D:4      | ololoev: ради коробки пойду
  1591 | D:4      | Amnesiac: я панлорду пизды дал ей
  1597 | D:4      | ReniFell: А, походу это другой волт
  1600 | D:4      | Amnesiac: а меф?
  1602 | D:4      | Reached XP level 5. HP: 13/38 MP: 3/9
  1823 | D:4      | Amnesiac: уже можно огонь брать
  1871 | D:4      | Learned a level 3 spell: Conjure Flame
  1946 | D:3      | Amnesiac: щиток вобщем-то уже можно юзать наверное
  1958 | D:3      | Amnesiac: кентам хватает зачастую
  1958 | D:3      | ololoev: он немного штрафа будет давать на каст
  1958 | D:3      | ololoev: 1-2 скилла надо
  1958 | D:3      | Amnesiac: чуток
  1958 | D:3      | ReniFell: Рано, надо бы проценты поднять
  2014 | D:3      | Amnesiac: у кентов HD маленький поэтому немного щита помогает за то
  2027 | D:3      | Amnesiac: а то из-за любого угла может вылезти уже с d3
  2104 | D:3      | ReniFell: Против кентов мклауд есть
  2162 | D:3      | Amnesiac: ну они издали могут если не повезёт, за то больно очень будет
  2276 | D:3      | Amnesiac: хотя блинк в этом случае помогает
  2525 | D:3      | Amnesiac: пращи сильны
  2708 | D:3      | Amnesiac: я как-то на muwz до d13 убивал всех с 0 скилла одной только рогаткой
  2710 | D:3      | Noticed Robin
  2722 | D:3      | Reached skill level 1 in Shields
  2726 | D:3      | ReniFell: Вот и робен
  2726 | D:3      | Killed Robin
  2731 | D:3      | Reached XP level 6. HP: 40/45 MP: 5/11
  2737 | D:3      | ReniFell: Поздновато
  3039 | D:4      | Amnesiac: смешные статы у гуля конечно
  3039 | D:4      | ololoev: ровно
  3083 | D:4      | Amnesiac: чё за стаф
  3083 | D:4      | ReniFell: Легкий визстаф чет
  3084 | D:4      | Amnesiac: о
  3113 | D:4      | Reached skill level 1 in Fire Magic
  3583 | D:4      | Amnesiac: силён виз всё-таки
  3599 | D:3      | Amnesiac: с ранними амулетами надо бы по-аккуратней
  3603 | D:3      | Amnesiac: иногда rc не найдёшь потом до d8
  3729 | D:5      | Entered Level 5 of the Dungeon
  3730 | D:5      | Found Zocraos's Antique Armour Boutique.
  3733 | D:5      | Amnesiac: выжить может выживешь но мучений ещё так
  3733 | D:5      | ololoev: хороший магаз
  3733 | D:5      | Amnesiac: интересный
  3733 | D:5      | ololoev: вот только ссыкотно робу брать без рс
  3733 | D:5      | Amnesiac: на шлемак копить?
  3733 | D:5      | ReniFell: Ну тут надо все скупать
  3733 | D:5      | Amnesiac: можно просто ботинок и плащ
  3733 | D:5      | ReniFell: Я бы робу чекнул
  3733 | D:5      | ololoev: потом куплю
  3765 | D:5      | ReniFell: Тк может загеймченжить нормально
  3765 | D:5      | Amnesiac: 2 AC не лишние
  3902 | D:5      | Reached XP level 7. HP: 50/50 MP: 12/12
  3943 | D:5      | Amnesiac: впринципе я думаю гозаг неплох может быть и для зигов я подумал
  3944 | D:5      | ololoev: с гозагом нужно быструю хилку иметь
  3944 | D:5      | ololoev: типа регена дсовского
  3955 | D:5      | Found a hazy altar of Hepliaklqana.
  4531 | D:5      | Found a glowing golden altar of the Shining One.
  4531 | D:5      | Found an ancient bone altar of Kikubaaqudgha.
  4533 | D:5      | You fall through a shaft for 3 floors!
  4533 | D:5      | Amnesiac: когда я вижу кентов думается что Wz всё же не зря, на гуле тупо огнём их хер прикончишь, думаю
  4533 | D:5      | ololoev: да что ж это такое
  4533 | D:5      | ReniFell: OOPS
  4533 | D:5      | ololoev: лол
  4534 | D:8      | Amnesiac: лол
  4536 | D:8      | Reached skill level 5 in Spellcasting
  4547 | D:8      | Noticed a human
  4547 | D:8      | Noticed a hog
  4547 | D:8      | Noticed a hog
  4548 | D:8      | Amnesiac: свиньи в огонь лезут кстати
  4550 | D:8      | ReniFell: Как и все звери
  4550 | D:8      | ololoev: во тупые
  4550 | D:8      | DEFE: бонер вроде делал мегазиги с гозагом
  4550 | D:8      | Amnesiac: лучше по бокам может ещё
  4554 | D:8      | DEFE: он на каких-то безумных цифрах там остановилмя
  4556 | D:8      | Noticed a hog
  4557 | D:8      | Noticed a hog
  4560 | D:8      | ReniFell: Он с чеи начинал
  4561 | D:8      | Amnesiac: яки конечно лучше лезут
  4563 | D:8      | ReniFell: Потом свитчнул
  4563 | D:8      | DEFE: Его там враги не атаковали
  4563 | D:8      | Killed a hog
  4563 | D:8      | Reached XP level 8. HP: 40/57 MP: 2/14
  4566 | D:8      | DEFE: из-за пассивки гозага
  4566 | D:8      | Amnesiac: но даже зелёные лягушки лезут
  4568 | D:8      | Amnesiac: и даже айс бисты изредка
  4576 | D:8      | ololoev: фух
  4585 | D:8      | ReniFell: Все, кто не с хуман интеллектом лезут только в путь
  4940 | D:8      | Amnesiac: кстати отвлекалка гозага в массах очень хороша, да
  5049 | D:7      | Noticed Prince Ribbit
  5059 | D:8      | DEFE: Она не то что хороша, он в принципе не получал урона
  5122 | D:8      | ReniFell: %?prince ribbit
  5123 | D:8      | beem: Prince Ribbit (F)
                  | Spd: 14 (swim: 60%)
                  | HD: 6
                  | HP: 33-45
                  | AC/EV: 0/16
                  | Dam: 20
                  | amphibious, spellcaster, cold-blooded
                  | Res: magic(40), drown
                  | XP: 273
                  | Sp: blink [!sil], teleport self [emergency]
                  | Sz: Medium
                  | Int: human.
  5123 | D:8      | DEFE: кинул шторм и все
  5153 | D:8      | ReniFell: >16
  5200 | D:8      | Amnesiac: крока можно сжечь
  5235 | D:8      | ReniFell: кфлейм пока что слаб по паверу, не хватит дурейшона
  5250 | D:8      | Reached skill level 5 in Conjurations
  5287 | D:8      | Amnesiac: может и хватит
  5287 | D:8      | ReniFell: Хотя хватит, если он зайдет туда
  5291 | D:8      | Amnesiac: опа
  5301 | D:8      | ReniFell: Сразу
  5304 | D:8      | ReniFell: Как сейчас
  5341 | D:8      | Amnesiac: призраки тоже могут входить иногда
  5350 | D:8      | ReniFell: Госты в смысле?
  5361 | D:8      | Amnesiac: хангри
  5368 | D:8      | Amnesiac: но ждать много надо
  5368 | D:8      | ReniFell: Они тоже андеды, у них инт не хуман вроде
  5373 | D:8      | ReniFell: %?hungry ghost
  5374 | D:8      | beem: hungry ghost (W)
                  | Spd:
    10 | HD: 7    | HP: 33-44
                  | AC/EV: 0/17
                  | Dam: 5(hunger)
                  | undead, doors, evil, see invisible, fly, unbreathing
                  | Res: magic(40), cold++, poison+++, drown, rot+++, neg+++, torm, napalm
                  | Vul: holy++
                  | XP:
   184 | Sz: Medium | 
  5375 | D:8      | beem: ..Int: human.
  5381 | D:8      | ReniFell: Ок, тогда хз
  5394 | D:8      | Amnesiac: троли тоже идут если подождать
  5417 | D:8      | Amnesiac: и горят неплохо
  5455 | D:8      | Noticed Grum
  5459 | D:8      | Amnesiac: грам тоже пойдёт
  5481 | D:8      | DEFE: Опа
  5490 | D:8      | DEFE: В домики Крейзи Юфа сидел Эдмунд
  5495 | D:8      | Amnesiac: хорошая история
  5495 | D:8      | Killed Grum
  5495 | D:8      | Reached XP level 9. HP: 62/62 MP: 6/17
  5497 | D:8      | ReniFell: Да, я тоже находил такое
  5512 | D:8      | Amnesiac: я кого только там не видел
  5551 | D:8      | ReniFell: Меня тогда еще хаос кватерстаф ваншотнул на 30 хп с элеком
  5551 | D:8      | Amnesiac: с ним надо осторожно
  5551 | D:8      | ololoev: может и в абисс кинуть
  5589 | D:8      | Amnesiac: юф вообще хлипкий лучше слингой там какой-нить
  5722 | D:7      | Reached skill level 5 in Fire Magic
  5723 | D:7      | Amnesiac: эти идут в огонь на так
  5723 | D:7      | Amnesiac: глупые птицы
  5723 | D:7      | ololoev: мне порой кажется что девы кравла прочитали анекдот про шел медведь, залез и сгорел, и режили это воплотить в игре
  5773 | D:7      | Amnesiac: кстати чёрные медведи хоть и хлипкие но лезут, не говоря уже об айсах
  5775 | D:7      | Found a stormy altar of Qazlal.
  5794 | D:7      | ReniFell: Ваще да, животные наоборот по идее от огня шарахаются инстинктивно, а тут на похуй лезут
  5794 | D:7      | ReniFell: Но может они просто огня никогда не видели, в подземелье же живут
  5794 | D:7      | Amnesiac: смешно когда они тают там за ход
  5794 | D:7      | Amnesiac: новый трюк это poisonous vapour использовать чтобы заставлять что угодно идти в огонь
  5809 | D:6      | Found a staircase to the Ecumenical Temple.
  5810 | D:6      | ololoev: вегумет!!!
  5812 | D:6      | ReniFell: темпол
  5820 | D:6      | ReniFell: Ща бах и лугону
  5823 | Temple   | Entered the Ecumenical Temple
  5831 | Temple   | Became a worshipper of Vehumet
  5832 | Temple   | ReniFell: На пороге встречает прямо
  5840 | D:6      | Amnesiac: вегумет ждал у порога
  5911 | D:6      | Amnesiac: хорош ли он вообще вегумет этот ваш
  5911 | D:6      | ololoev: ох ты ж
  5911 | D:6      | ololoev: вориор с холи
  5911 | D:6      | ololoev: а еще и скимитар
  5911 | D:6      | Amnesiac: надо его мефануть в огонь
  5911 | D:6      | Amnesiac: или импов наслать хз
  5911 | D:6      | ReniFell: Одним словом убить
  5916 | D:6      | Amnesiac: убить всех чуваков
  5921 | D:6      | Noticed darksquall's ghost (novice GrSu)
  5929 | D:6      | Noticed a two-headed ogre
  5930 | D:6      | Amnesiac: хорош призрак
  5935 | D:6      | ReniFell: Лалиев нормально мутит
  5942 | D:6      | ReniFell: Огер просто развернулся и ушел
  5946 | D:6      | Killed darksquall's ghost
  5946 | D:6      | Amnesiac: надо огонь посвежее было сделать
  6191 | D:6      | Noticed Grinder
  6197 | D:6      | Amnesiac: гриндер в огонь тоже лезет если подождать, кстати
  6197 | D:6      | ololoev: хмм, не пробовал
  6197 | D:6      | ololoev: но вообще я лучше в другом месте попробую
  6197 | D:6      | Amnesiac: надо только подловить со свежим огнём
  6197 | D:6      | ololoev: тут он спокойно билнканется на открытое пространство
  6197 | D:6      | ololoev: и парализнет
  6197 | D:6      | ololoev: а там два огра
  6197 | D:6      | Amnesiac: ну это да, но иногда не успевает
  6198 | D:6      | Paralysed by Grinder for 3 turns
  6278 | D:6      | Amnesiac: оп
  6278 | D:6      | ololoev: молодец
  6278 | D:6      | ReniFell: НОРМАЛЬНО БЛИНКАЕТСЯ
  6278 | D:6      | Amnesiac: попался
  6278 | D:6      | ololoev: блинк 10/10
  6279 | D:6      | Paralysed by Grinder for 5 turns
  6284 | D:6      | Killed Grinder
  6285 | D:6      | ReniFell: У меня всегда такие блинки
  6414 | D:6      | Amnesiac: он какбы преподнёс нам урок
  6427 | D:6      | ReniFell: Урок географии
  6427 | D:6      | Reached XP level 10. HP: 63/69 MP: 12/19
  6503 | D:6      | Found Javeok Hauc's Weapon Shoppe.
  6513 | D:6      | ololoev: такс
  6513 | D:6      | ololoev: это был тупик
  6513 | D:6      | ReniFell: Че по бабкам
  6513 | D:6      | ReniFell: Шлемак можно купить
  6513 | D:6      | ololoev: надо искать другую лестницу
  6513 | D:6      | ReniFell: Да
  6543 | D:7      | Amnesiac: артефакты искушают
  6613 | D:7      | Amnesiac: хотя говно обычно
  6625 | D:7      | ReniFell: Ну если там какой-нибудь инт+10
  6749 | D:7      | Amnesiac: надёжней купить плащ с ботинками =)
  6750 | D:7      | ololoev: говно обычно это вужин з бажин
  6750 | D:7      | Amnesiac: но я бы и сам шлем купил
  6751 | D:6      | Found Zotwi's Food Boutique.
  6751 | D:6      | Found Kus Baon's Book Boutique.
  6752 | D:6      | ololoev: жрачка!
  6752 | D:6      | ololoev: книги!
  6752 | D:6      | ReniFell: Челик недавно скрины в дискорд кидал
  6752 | D:6      | ololoev: тут можно засесть за чтением!
  6752 | D:6      | ReniFell: Нашел 3 аквариума на д7
  6755 | D:6      | Amnesiac: люблю я магазинные уровни
  6755 | D:6      | ololoev: наакварил говна небось
  6755 | D:6      | ololoev: на своем д7
  6755 | D:6      | ReniFell: Выбил с них старлайт, ассасина и перчатки войны
  6755 | D:6      | ololoev: шапка +0
  6755 | D:6      | ololoev: повезло
  6755 | D:6      | ololoev: обычно шапка +1 рингмейл с рС и перчатки +0
  6755 | D:6      | Amnesiac: вот говнюк
  6755 | D:6      | ololoev: так ка кеще не нашел такой армор
  6755 | D:6      | ReniFell: Я охуел когда увидел
  6757 | D:6      | Amnesiac: всю нашу удачу забрал
  6871 | D:6      | ololoev: херовые книги
  6871 | D:6      | ololoev: даже книга дебилов есть
  6871 | D:6      | ReniFell: 2 кантрипа, 2 ченжа...
  6871 | D:6      | ReniFell: Понятно все
  6871 | D:6      | Amnesiac: я как-то от оки получал гантлетс оф вар
  6871 | D:6      | ololoev: где книга бабахов, черти?
  6871 | D:6      | Amnesiac: раза 2 может даже
  6871 | D:6      | Amnesiac: и по-моему даже акварил
  6907 | D:6      | ReniFell: Да все получали
  6919 | D:6      | Found Fiahej's Armour Emporium.
  6931 | D:6      | Amnesiac: чё, нет книг хороших?
  6932 | D:6      | ReniFell: Он любит колтеты дарить
  6935 | D:6      | ReniFell: Книги просто ужас
  6941 | D:6      | Amnesiac: жаль
  6941 | D:6      | ololoev: книга дебилов, книга домашних фокусов
  6941 | D:6      | ololoev: и т.п.
  7074 | D:6      | Found Xusaj's Antique Armour Boutique.
  7077 | D:6      | ololoev: мм ринг мейл еще
  7077 | D:6      | ololoev: потом его тоже чекну
  7077 | D:6      | Amnesiac: кольчужка может и пригодиться
  7174 | D:6      | ReniFell: Имо, было бы неплохой пасхалкой, если бы в книге домашних фокусов был фаершторм
  7180 | D:6      | Amnesiac: я согласен
  7184 | D:6      | Killed a two-headed ogre
  7193 | D:6      | ololoev: когда уже к ФШ добавят школу саммонинга?
  7284 | D:5      | ReniFell: Да ну
  7388 | D:5      | Amnesiac: вегумет чё-то подарки дарит очень долго в последнее время
  7564 | D:5      | Found an ornate altar of the Wu Jian Council.
  7565 | D:5      | ololoev: не ну если раз в 200 ходов убивать таракана и орка то это нормально
  7566 | D:5      | Found a shattered altar of Ashenzari.
  7567 | D:5      | Found a hazy altar of Hepliaklqana.
  7627 | D:5      | ReniFell: У него хуево с паети все
  7627 | D:5      | Amnesiac: всё равно медленно
  7627 | D:5      | ololoev: так
  7627 | D:5      | ReniFell: Медленно набивается оч
  7627 | D:5      | ololoev: роба или хельмит
  7627 | D:5      | ReniFell: ХЕЛМ
  7627 | D:5      | ololoev: сложный выбор
  7627 | D:5      | ololoev: роба больше манит
  7627 | D:5      | Amnesiac: шлем красивей
  7627 | D:5      | ololoev: у меня +0 роба
  7627 | D:5      | ReniFell: На робу потом наберешь
  7627 | D:5      | ReniFell: Хотя да
  7627 | D:5      | ReniFell: У тебя же +2 шапка
  7627 | D:5      | ReniFell: Тогда роба
  7627 | D:5      | Bought a fine robe for 125 gold pieces
  7637 | D:5      | Identified the +0 robe of Winter {rF+ rN+ MR+ Int-2} (You bought it in a shop on level 5 of the Dungeon)
  7637 | D:5      | ololoev: ну блин
  7637 | D:5      | Amnesiac: кака
  7637 | D:5      | ReniFell: Можно еще клоаку и один ботинок докупить
  7637 | D:5      | ololoev: -2 инты
  7637 | D:5      | ololoev: но в целом годно
  7637 | D:5      | ReniFell: Гуд резисты
  7637 | D:5      | ololoev: рФ МР
  7637 | D:5      | ReniFell: Не пизди
  7637 | D:5      | Amnesiac: я бы до шлема подождал
  7637 | D:5      | ololoev: оркер не законфузит
  7637 | D:5      | ReniFell: Топ роба, имо
  7637 | D:5      | ololoev: шлемговно будет
  7637 | D:5      | ReniFell: Посмотрим
  7645 | D:5      | ReniFell: Вангую мили шлем на слей и стр
  7734 | D:7      | Amnesiac: -cast
  7750 | D:7      | Amnesiac: лол
  7753 | D:7      | Killed Prince Ribbit
  7754 | D:7      | Amnesiac: он превратился в призрака
  7765 | D:7      | ReniFell: Да, было неплохо
  7779 | D:7      | ololoev: надо кстати заценить как в таверне оценили мой хитрый план
  7779 | D:7      | ololoev: с ручными хорнетами
  7779 | D:7      | ReniFell: Че за план
  7779 | D:7      | ololoev: баг это или нет
  7779 | D:7      | ololoev: типа энслейвишь шемблин мангров
  7779 | D:7      | ReniFell: Скинь
  7779 | D:7      | ololoev: отправляешь на смерть
  7779 | D:7      | ololoev: она высирает 3 хорнета
  7779 | D:7      | ololoev: они дружественные
  7779 | D:7      | ReniFell: Ага
  7779 | D:7      | ololoev: причем не энслейвленные
  7779 | D:7      | Amnesiac: круто
  7779 | D:7      | ololoev: мангрова умирает, хорнеты остаются навсегда
  7779 | D:7      | ololoev: друзьями
  7779 | D:7      | Amnesiac: надо их прокачать и на орбы
  7779 | D:7      | ololoev: и по лестницам за тобой ходят
  7779 | D:7      | ReniFell: Вчера кстати тидбитс показывал класс с энслейвом
  7814 | D:7      | ololoev: о
  7814 | D:7      | ololoev: жареная баранина сейчас будет
  7814 | D:7      | ReniFell: Заслейвил гост краба в свомпах, а тот гидрами зачистил почти весь финал волт
  7821 | D:7      | Amnesiac: хорошее дело
  7834 | D:7      | Reached * piety under Vehumet
  7834 | D:7      | Offered knowledge of Flame Tongue by Vehumet.
  7858 | D:7      | Amnesiac: подарки
  7882 | D:7      | Amnesiac: можно и взять тонг
  7887 | D:7      | Amnesiac: ??flame tongue
  7887 | D:7      | beem: flame tongue[1/2]: Spell which throws a low-power puff of flame two to five spaces. Note that the max range is {spell power}-dependent - don't expect your fledgling DEFE to fry anything significantly beyond melee. 1d14 at max power. To-hit: 11+power/6.
  7887 | D:7      | ololoev: нинужен же уже
  7887 | D:7      | ololoev: там дамага мало
  7887 | D:7      | ololoev: стикер надо взять и фб
  7887 | D:7      | Amnesiac: 1d14 не шутка =P
  8118 | D:7      | Found a glowing golden altar of the Shining One.
  8132 | D:7      | Amnesiac: эти в огонь летят
  8198 | D:7      | ReniFell: Ладно, пойду работать, удачи
  8514 | D:5      | Bought an ancient helmet for 209 gold pieces
  8524 | D:5      | Identified the cursed +0 helmet of Uskayaw's Benevolence {-Tele rF+++ rN+ MR-} (You bought it in a shop on level 5 of the Dungeon)
  8524 | D:5      | Amnesiac: какашка
  8524 | D:5      | ololoev: ну вот
  8600 | D:7      | Amnesiac: теперь на что копим
  8630 | D:8      | Amnesiac: на кольчужку или на сапоги с плащём
  8630 | D:8      | ololoev: рингмейл можн очекнуть
  8949 | D:8      | Amnesiac: +0 шлем нинужен если честно
  8977 | D:9      | Amnesiac: сильно сомневаюсь что пригодится для зачарования
  8977 | D:9      | ololoev: в целом да, к тому моменту когда я решу его зачантить, будет уже что-то лучше
  8988 | D:9      | Amnesiac: зараза
  9006 | D:8      | Amnesiac: хороший ход
  9039 | D:8      | Amnesiac: хайсты тока жалковато немного
  9070 | D:8      | ololoev: не сильно
  9070 | D:8      | ololoev: я как-то редко хасту использую
  9070 | D:8      | ololoev: копятся только
  9179 | D:9      | Amnesiac: пожалуй
  9217 | D:9      | Reached XP level 11. HP: 55/73 MP: 22/22
  9218 | D:9      | Amnesiac: вообще бафы редко пригождаются, скорее блинки какие-нибудь горят
  9533 | D:9      | Amnesiac: этих лучше ждать когда в огонь залезут, они довольно активно это делают
  9596 | D:9      | Reached ** piety under Vehumet
  9596 | D:9      | Offered knowledge of Freeze by Vehumet.
  9674 | D:9      | Amnesiac: хотел бы я чтобы вех не дарил 1-2 уровни
  9688 | D:9      | ololoev: ну я зачастую рад сендбласту
  9688 | D:9      | ololoev: это чуть ли не топ спелл из первых уровней
  9688 | D:9      | ololoev: по крайней мере среди 1 лвл точно, среди 1-3 наверное есть лучше
  9729 | D:9      | Noticed a two-headed ogre
  9752 | D:9      | Killed a two-headed ogre
 10188 | D:9      | Found a glowing silver altar of Zin.
 10189 | D:9      | Found a snail-covered altar of Cheibriados.
 10381 | D:9      | Learned a level 4 spell: Throw Icicle
 10422 | D:10     | Entered Level 10 of the Dungeon
 10444 | D:10     | Noticed Fannar
 10445 | D:10     | ololoev: фонарь
 10445 | D:10     | Amnesiac: я эльфов мочил сендом
 10445 | D:10     | Amnesiac: у них AC нет
 10446 | D:10     | Amnesiac: он улётный довольно 2d20 урон
 10447 | D:10     | ololoev: ага
 10447 | D:10     | ololoev: жалко нет сендбласта
 10452 | D:10     | Amnesiac: EE вообще улётный
 10462 | D:10     | Amnesiac: ну слабый сенд бесполезный довольно
 10482 | D:10     | ololoev: жирный какой
 10482 | D:10     | ololoev: я думал у него 40-50
 10482 | D:10     | ololoev: отъелся эльф
 10484 | D:9      | Amnesiac: в огонь может его
 10497 | D:9      | Amnesiac: у него ещё кольцо может быть с rF-
 10752 | D:10     | Found a staircase to the Lair.
 10797 | D:10     | Reached skill level 1 in Ice Magic
 10868 | D:10     | Killed Fannar
 10880 | D:10     | Amnesiac: вот и вся жирнота
 10881 | D:10     | ololoev: нефиг с рФ- ходить потому что
 10881 | D:10     | Amnesiac: ага
 10881 | D:10     | ololoev: надо в туториал кравла вначало вставлять фаннара за стеклом с огнем и мефитиком
 10881 | D:10     | ololoev: и подпись типа нефиг
 11324 | D:11     | Found Eggude's Jewellery Shoppe.
 11325 | D:11     | ololoev: ох ты сколько вас тут
 11325 | D:11     | ololoev: и ювелирка
 11334 | D:10     | Amnesiac: с животными я просто ставлю огонь посреди улицы и танцую вокруг пока они не войдут
 11340 | D:10     | Offered knowledge of Searing Ray by Vehumet.
 11365 | D:10     | Learned a level 2 spell: Searing Ray
 11468 | D:11     | Amnesiac: один чувак(minmay) отверждал что conj.flame чуть ли не лучший спелл в игре
 11469 | D:11     | ololoev: вранье же, ФШ лучший спелл
 11470 | D:11     | Amnesiac: точнее он говорит что он чувиха
 11476 | D:11     | Reached *** piety under Vehumet
 11588 | D:11     | Amnesiac: едкая чувиха, я не верил долго и сейчас не уверен
 11590 | D:11     | ololoev: конечно мефитик - топ дебилизирующий спелл до всяких там дискордов
 11595 | D:11     | Amnesiac: меф тащит всё начало
 11650 | D:11     | Noticed a cyan ugly thing
 11659 | D:11     | Killed a cyan ugly thing
 11849 | D:11     | Offered knowledge of Fulminant Prism by Vehumet.
 11849 | D:11     | Reached XP level 12. HP: 66/81 MP: 19/24
 11882 | D:11     | Amnesiac: призма мощный спел но неудобный
 11886 | D:11     | ololoev: я им люблю киллер пчел гасить
 11886 | D:11     | ololoev: а больше он особо ни для чего не нужен
 12143 | D:11     | Amnesiac: я летающие оружия им взрывал за неимением алтернатив
 12291 | D:11     | DEFE: статую ломает отлично
 12304 | D:11     | DEFE: т.к. бьет за лос
 12329 | D:11     | Amnesiac: и это тоже
 12480 | D:12     | Noticed a two-headed ogre
 12485 | D:12     | Killed a two-headed ogre
 12590 | D:12     | Noticed Kirke
 12590 | D:12     | Goblin1989: HPRegen 0.00/turn
 12602 | D:11     | Amnesiac: свиней если мочить до превращения в людей то они экспу дают
 12602 | D:11     | Goblin1989: гуль ппревратившиийся в дворфа?
 12602 | D:11     | Amnesiac: гули теперь не регенятся с ребятами в обзоре
 12602 | D:11     | Amnesiac: не знаю с каких пор
 12602 | D:11     | DEFE: что?
 12602 | D:11     | Goblin1989: серьезно? о_О Давно такое?
 12602 | D:11     | ololoev: ха
 12602 | D:11     | Goblin1989: ЛОООЛ!!!!!!!
 12602 | D:11     | ololoev: реально
 12602 | D:11     | Amnesiac: можно жрать мясо за то
 12609 | D:11     | Goblin1989: ага, три хода за один кусок
 12619 | D:11     | DEFE: один ход
 12620 | D:11     | Amnesiac: раньше приходилось выдерживать мясо
 12639 | D:11     | DEFE: мясо правда реально много регенить
 12656 | D:12     | DEFE: больше ХВ наверное
 12656 | D:12     | Goblin1989: а за эти три хода завалят слегка насмерть
 12656 | D:12     | Amnesiac: я жру мясо вместо отдыха иногда
 12656 | D:12     | ololoev: вначале меньше судя по всему регенит
 12656 | D:12     | Amnesiac: вся еда 1 ход
 12656 | D:12     | ololoev: то ли от уровня, то ли от хп зависит
 12656 | D:12     | ololoev: в конце по 20 регенит, вначале по 4-5
 12671 | D:12     | Amnesiac: вроде относительно
 12672 | D:12     | Goblin1989: в 0,17 мясо 3 хода жрать надо
 12672 | D:12     | Amnesiac: хз
 12686 | D:12     | Amnesiac: кому оно надо это 017
 12689 | D:12     | Goblin1989: МНЕ!!!
 12689 | D:12     | Amnesiac: вот 018 это я понимаю
 12733 | D:12     | Amnesiac: а чё там в 017 такого
 12733 | D:12     | Goblin1989: я вообще любитель это 0,17
 12733 | D:12     | ololoev: в русском комьюнити много народу помнит и скорбит по старым версиям
 12733 | D:12     | Amnesiac: в 018 весь смак последний
 12739 | D:12     | ololoev: @??kirke
 12739 | D:12     | beem: Kirke (@)
                  | Spd:
    10 | HD: 16   | HP: 85-133
                  | AC/EV: 0/10
                  | Dam: 18
                  | weapons, items, doors, spellcaster, see invisible
                  | Res: magic(100)
                  | XP: 2108
                  | Sp: porkalator, slow, monstrous menagerie, invisibility [emergency]
                  | Sz: Medium
                  | Int: human.
 12739 | D:12     | ololoev: hd16
 12739 | D:12     | Amnesiac: пакелас, камень землетрясений, палочки, жезлы
 12739 | D:12     | ololoev: хрен законфузить
 12739 | D:12     | Goblin1989: ну я в оправдание немножечко и в новые версии играю
 12752 | D:12     | Amnesiac: я в 018 играл чтобы с пакеласом поиграться и немом с evo
 12755 | D:12     | Amnesiac: vs^pak
 12757 | D:12     | Amnesiac: каждый укус зарядка палочек
 12762 | D:12     | Killed Kirke
 12762 | D:12     | Reached skill level 10 in Spellcasting
 12779 | D:12     | Noticed Erolcha
 12779 | D:12     | ololoev: да идите вы нафиг!
 12784 | D:12     | Amnesiac: кирку в огонь
 12784 | D:12     | Amnesiac: всех в огонь
 12784 | D:12     | ololoev: фух, тут слоу
 12787 | D:12     | Amnesiac: и баниш лол
 12788 | D:12     | ololoev: @??erolcha
 12788 | D:12     | beem: Erolcha (O)
                  | Spd:
    10 | HD: 6    | HP: 45-63
                  | AC/EV: 5/7
                  | Dam: 20
                  | weapons, items, doors, spellcaster, see invisible
                  | Res: magic(60)
                  | XP: 1005
                  | Sp: b.cold (3d14), crystal spear (3d23), slow, haste / mystic blast (3d12), fireball (3d14), paralyse, blink / stone arrow (3d12), b.lightning (3d14), banishment, invisibility
                  | Sz: Large
                  | Int: human.
 12788 | D:12     | ololoev: не, там сет со слоу
 12788 | D:12     | ololoev: 6хд
 12788 | D:12     | Amnesiac: есть
 12788 | D:12     | ololoev: изи мефитик
 12789 | D:12     | Amnesiac: 6 лол
 12790 | D:12     | Amnesiac: какого хрена
 12791 | D:12     | Amnesiac: такой чмошный
 12797 | D:12     | Killed Erolcha
 12815 | D:12     | Amnesiac: @??ogre mage
 12833 | D:12     | beem: ogre mage (O)
                  | Spd:
    10 | HD: 10   | HP: 47-63
                  | AC/EV: 3/7
                  | Dam: 12
                  | natural, weapons, items, doors, evil, spellcaster, see invisible
                  | Res: magic(80)
                  | XP: 943
                  | Sp: b.fire (3d18), b.cold (3d18), crystal spear (3d28), haste other, blink / b.lightning (3d17), haste other, slow, paralyse, haste / b.venom (3d15), haste other, confuse, slow, invisibility
                  | Sz: Large
                  | Int: human.
 12871 | D:12     | ololoev: не ну как бы в эрли уник с бананом, которого еще сложно дебилизировать - это было бы жестко
 12947 | D:12     | ololoev: трова что-ли?
 12947 | D:12     | Amnesiac: есть ещё секретно неплохой спел на подобие мефа - confusing touch, на природных ребят лучше действует
 12955 | D:12     | Reached **** piety under Vehumet
 12963 | D:12     | Amnesiac: трова? просто алтарь
 12973 | D:12     | Found an iron altar of Okawaru.
 13223 | D:12     | Offered knowledge of Ignite Poison by Vehumet.
 13376 | D:12     | Reached skill level 10 in Conjurations
 13478 | D:12     | Amnesiac: хорошо горят
 13479 | D:12     | ololoev: afk 15min
 13886 | D:12     | Found a staircase to the Orcish Mines.
 14235 | Orc:1    | Entered Level 1 of the Orcish Mines
 14245 | Orc:1    | Reached ***** piety under Vehumet
 14248 | Orc:1    | Offered knowledge of Bolt of Draining by Vehumet.
 14411 | Orc:1    | Noticed Harold
 14450 | Orc:1    | Killed Harold
 14562 | Orc:1    | Paralysed by an orc sorcerer for 4 turns
 14667 | Orc:1    | Found Joluk's General Store.
 14678 | Orc:1    | Bought a scroll of summoning for 123 gold pieces
 14678 | Orc:1    | Bought a potion of degeneration for 13 gold pieces
 14678 | Orc:1    | Bought a scroll of holy word for 97 gold pieces
 14820 | Orc:2    | Entered Level 2 of the Orcish Mines
 14962 | Orc:2    | Found Utamoik's Antique Armour Emporium.
 14963 | Orc:2    | Noticed a two-headed ogre
 15051 | Lair:1   | Entered Level 1 of the Lair of Beasts
 15333 | Lair:1   | Reached skill level 10 in Fire Magic
 15333 | Lair:1   | Reached XP level 13. HP: 84/84 MP: 13/26
 15513 | Lair:1   | Learned a level 4 spell: Fulminant Prism
 15553 | Lair:1   | Identified the Incunabulum of Flying Companions
 16885 | Lair:2   | Noticed DEFE's ghost (journeyman DEWn)
 16905 | Lair:2   | Killed DEFE's ghost
 17683 | Lair:3   | DEFE: Ну как бы раньше у любого огра мага был банан, лол
 17686 | Lair:3   | Found a blossoming altar of Fedhas.
 17746 | Lair:3   | ololoev: ну там как с сетом повезет опять же
 17940 | Lair:3   | Found a staircase to the Snake Pit.
 18691 | Lair:3   | Offered knowledge of Iskenderun's Battlesphere by Vehumet.
 19580 | Lair:4   | Identified a scroll of acquirement
 19594 | Lair:4   | Got a pair of heavily runed boots
 19601 | Lair:4   | Identified the +1 pair of boots of Chill Winds {+Fly MR- Str-4 Dex+6 SInv} (You acquired it on level 4 of the Lair of Beasts)
 20198 | Lair:4   | Amnesiac: вредный амулет? а другой чтоли есть? так впринципе он больше пользы чем вреда несёт ведь? и в тему вехумета вписывается
 20202 | Lair:4   | ololoev: ну как бы если на меня все-таки набегут, то мне с 5АС 11 ЕВ достанется
 20202 | Lair:4   | ololoev: ток что нафиг
 20202 | Lair:4   | ololoev: а учитывая что ФБ нет, вероятность что набегут большая
 20207 | Lair:4   | Found a staircase to the Swamp.
 20209 | Lair:4   | Amnesiac: ну им-то на 30% больше достаётся а тебе 20
 20211 | Lair:4   | ololoev: так все равно набегут
 20211 | Lair:4   | Amnesiac: я иногда использую от скуки =Р
 20211 | Lair:4   | ololoev: у меня дамага маловато, +30% это не исправит
 20225 | Lair:4   | Amnesiac: чё фб так и нет?
 20226 | Lair:4   | ololoev: nope
 20231 | Lair:4   | Amnesiac: всё равно conjure круче лол
 20232 | Lair:4   | ololoev: nope
 20286 | Lair:4   | Amnesiac: эти пиявки неплохо вхерачивают
 20308 | Lair:4   | Amnesiac: кстати у сосульки урон как у фаербола до 100 павера
 20374 | Lair:4   | ololoev: вот только фб дамажит 3х3 и анэвойдабл
 20595 | Lair:4   | Amnesiac: что есть то есть
 20784 | Lair:4   | Amnesiac: сосулька тоже ничё
 20815 | Lair:5   | Amnesiac: с этими лол
 20815 | Lair:5   | ololoev: так
 20815 | Lair:5   | ololoev: опасна!
 20816 | Lair:5   | Amnesiac: я так и знал
 20829 | Lair:5   | HP: 3/86 [six-headed hydra (10)]
 20829 | Lair:5   | Mangled by a six-headed hydra

Dungeon Overview and Level Annotations

Branches:
Dungeon (12/15)            Temple (1/1) D:6            Lair (5/6) D:10
  Swamp (0/4) Lair:4        Snake (0/4) Lair:3          Orc (2/2) D:12
  Slime: Lair:5-6       Elf: Orc:2

Altars:
Ashenzari
Cheibriados
Fedhas
Hepliaklqana
Kikubaaqudgha
Okawaru
Qazlal
Vehumet
Wu Jian
Xom
Zin
The Shining One

Shops:
D:5 [   D:6 %:[([   D:11 =   Orc:1 *   Orc:2 [

Annotations:
Lair:3 exclusion: oklob plant


Message History

Unknown command.
Unknown command.
Casting: Throw Icicle (safe; 1% risk of failure)
Confirm with . or Enter, or press ? or * to list all spells.
You blink.
The polar bear is engulfed in blazing flames.
The rime drake hisses angrily.
You hear a screech!
Casting: Blink (safe; 4% risk of failure)
Confirm with . or Enter, or press ? or * to list all spells.
You blink.
The polar bear is engulfed in blazing flames.
Found a ration.
The polar bear rages.
The polar bear is engulfed in blazing flames.
You kill the polar bear!
Vehumet accepts your kill.
You feel your power returning.
Found a ration.
Evoke which item? (* to show all) (? for menu, Esc to quit)
Aiming: Cloud Cone
Press: ? - help, Dir - move target cursor, p - polar bear You create a blast of noxious fumes!
The polar bear is engulfed in noxious fumes.
The polar bear appears confused.
The polar bear is engulfed in noxious fumes.
The polar bear appears confused.
The polar bear bites the plant!
The polar bear claws the plant.
The polar bear claws the plant but does no damage.
Unknown command.
You are too injured to fight recklessly!
Firing (i - inventory. (/) - cycle)
i - 56 sling bullets (quivered)
Press: ? - help, Shift-Dir - straight line, f - polar bear
Aim: a polar bear (noxious fumes, almost dead, berserk, fast, unusually strong, confused)
You shoot a sling bullet.
The sling bullet hits the polar bear but does no damage.
The polar bear is almost dead.
The polar bear is engulfed in noxious fumes.
The polar bear is engulfed in noxious fumes.
The polar bear appears confused.
Evoke which item? (* to show all) (? for menu, Esc to quit)
Aiming: Corrosive Bolt
Press: ? - help, Shift-Dir - straight line, f/p - polar bear
Aim: a polar bear (almost dead, berserk, fast, unusually strong, confused)
The bolt of acid hits the polar bear.
The polar bear is splashed with acid.
You kill the polar bear!
Vehumet accepts your kill.
The rime drake is engulfed in noxious fumes.
The rime drake appears confused.
The rime drake is engulfed in noxious fumes.
The rime drake appears confused.
Evoke which item? (* to show all) (? for menu, Esc to quit)
Aiming: Corrosive Bolt
Press: ? - help, Shift-Dir - straight line, f - six-headed hydra
Aim: a six-headed hydra (noxious fumes)
The bolt of acid hits the six-headed hydra.
The six-headed hydra is splashed with acid.
The acid corrodes the six-headed hydra!
The six-headed hydra is moderately wounded.
Evoke which item? (* to show all) (? for menu, Esc to quit)
Aiming: Corrosive Bolt
Press: ? - help, Shift-Dir - straight line, f/p - six-headed hydra
Aim: a six-headed hydra (moderately wounded, covered in acid)
The bolt of acid hits the six-headed hydra.
The six-headed hydra is splashed with acid.
The acid corrodes the six-headed hydra!
The six-headed hydra is heavily wounded.
Evoke which item? (* to show all) (? for menu, Esc to quit)
Aiming: Corrosive Bolt
Press: ? - help, Shift-Dir - straight line, f/p - six-headed hydra
Aim: a six-headed hydra (heavily wounded, covered in acid)
The bolt of acid hits the six-headed hydra.
The six-headed hydra is splashed with acid.
The acid corrodes the six-headed hydra!
The six-headed hydra is severely wounded.
Evoke which item? (* to show all) (? for menu, Esc to quit)
Aiming: Cloud Cone
Press: ? - help, Dir - move target cursor, f/p - six-headed hydra
Aim: a six-headed hydra (severely wounded, covered in acid)
You create a blast of noxious fumes!
The six-headed hydra bites you! x5
You die...

You could see a six-headed hydra.

Vanquished Creatures
  Kirke (D:12)
  Erolcha (D:12)
  2 hydras
  Harold (Orc:1)
  Fannar (D:10)
  3 two-headed ogres
  The ghost of DEFE the Destroyer, a journeyman DEWn of Vehumet (Lair:2)
  2 orc sorcerers (Orc:1)
  3 oklob plants (Lair:1)
  3 elephants (Lair:3)
  An ugly thing (D:11)
  5 black mambas
  2 spiny frogs
  A komodo dragon (Lair:1)
  2 centaur skeletons (D:10)
  4 trolls
  4 tyrant leeches (Lair:4)
  2 hornets
  Grinder (D:6)
  6 polar bears
  Prince Ribbit (D:7)
  5 hippogriffs
  A shadow (D:11)
  A wyvern (Lair:4)
  51 yaks
  Grum (D:8)
  6 hogs
  3 humans
  4 vampire mosquitoes
  2 hungry ghosts
  3 nagas (Lair:3)
  2 swamp worms (Lair:4)
  9 water moccasins
  6 porcupines
  3 sky beasts
  10 orc warriors
  3 ice beasts
  8 ogres
  4 black bears
  7 wolves
  3 phantoms
  5 centaurs
  9 crocodiles
  2 big kobolds
  12 bullfrogs
  A water moccasin zombie (D:7)
  3 scorpions
  7 killer bees (D:11)
  4 wights (D:9)
  2 howler monkeys
  4 crimson imps
  2 centaur zombies
  A bullfrog zombie (D:11)
  A quasit (D:5)
  4 hounds
  2 bullfrog skeletons
  5 orc priests
  A gnoll shaman (D:9)
  8 jellies
  11 orc wizards
  2 iguanas
  6 worker ants
  A killer bee zombie (D:10)
  A howler monkey skeleton (D:7)
  Robin (D:3)
  6 gnolls
  10 adders
  6 shadow imps
  3 oozes
  2 adder skeletons
  2 dart slugs (D:2)
  A worm (D:5)
  2 leopard geckos
  52 orcs
  13 bats
  6 giant cockroaches
  14 goblins
  8 hobgoblins
  11 jackals
  16 kobolds
  5 quokkas
  7 frilled lizards
  2 leopard gecko skeletons (D:5)
  A quokka skeleton (D:9)
  7 rats
  4 plants (Lair:1)
452 creatures vanquished.

Vanquished Creatures (collateral kills)
  The ghost of darksquall the Basher, a novice GrSu (D:6)
  2 hogs (D:8)
  A hungry ghost (D:12)
  A centaur skeleton (D:4)
  An adder skeleton (D:5)
  A worm (D:2)
  2 leopard geckos
  A giant cockroach (D:1)
  A hobgoblin (D:1)
  A rat (D:1)
12 creatures vanquished.

Vanquished Creatures (others)
  3 centaurs (D:12)
  35 fulminant prisms
  3 fungi
  4 plants
  17 toadstools (Lair:3)
62 creatures vanquished.

Grand Total: 526 creatures vanquished

Action                   |  1- 3 |  4- 6 |  7- 9 | 10-12 | 13-15 || total
-------------------------+-------+-------+-------+-------+-------++-------
Melee: Dagger            |   137 |     3 |       |       |       ||   140
 Fire: Hunting sling     |    27 |   147 |   217 |   714 |   141 ||  1246
 Cast: Magic Dart        |    42 |    28 |    60 |    12 |       ||   142
       Call Imp          |     2 |    11 |     1 |    14 |       ||    28
       Mephitic Cloud    |       |     4 |    16 |    82 |    17 ||   119
       Conjure Flame     |       |     4 |    18 |    48 |    34 ||   104
       Blink             |       |       |       |     1 |     2 ||     3
       Searing Ray       |       |       |       |    25 |    21 ||    46
       Throw Icicle      |       |       |       |    29 |    79 ||   108
       Fulminant Prism   |       |       |       |       |    35 ||    35
Evoke: Box of beasts     |       |       |     2 |       |       ||     2
       Wand              |       |       |       |    12 |     9 ||    21
  Use: Scroll            |       |    12 |     3 |     8 |    10 ||    33
       Potion            |       |       |     1 |     1 |     4 ||     6
 Stab: Sleeping          |     1 |       |       |       |       ||     1
  Eat: Chunk             |    21 |    17 |    27 |    76 |    60 ||   201
Armor: Robe              |    44 |    20 |    33 |    59 |    21 ||   177
Dodge: Dodged            |   134 |    71 |    59 |   130 |    66 ||   460
Block: Buckler           |       |     5 |    35 |    64 |    32 ||   136

Vault maps used:
D:1:      eino_arrival_water_cross
D:2:      minmay_tromino_v4_c
D:3:      kennysheep_nondescript, kennysheep_generic_room_3, uniq_robin
D:4:      first_ration, minmay_checkerbox
D:5:      chequers_temple_overflow_minitemple, serial_shops,
          nicolae_shop_crystal, kennysheep_diamond
D:6:      minmay_temple_entry_overgrown, serial_shops, shop, shop,
          nicolae_shop_stone, nicolae_shop_crystal, nicolae_shop_crystal,
          uniq_grinder
D:7:      cheibrodos_quashed, basic_altar, nicolae_tso_swordbearing_angel,
          uniq_prince_ribbit1
D:8:      grunt_livestock, minmay_misc_feat_nine_boxes,
          kennysheep_generic_room_13, uniq_grum
D:9:      gammafunk_temple_overflow_statue, minmay_variable_closet
D:10:     kennysheep_blocky_hall, lair_entry_dummy, uniq_fannar
D:11:     serial_shops, shop_fountains
D:12:     hiddenorc1_lemuel, okawaru_humans, uniq_erolcha, uniq_kirke
Temple:   regret_index_temple_waves
Lair:1:   minmay_lair_oklob_chamber, grunt_megastairs_1
Lair:3:   minmay_snake_entry_guardpost_small, tgw_fedhas
Lair:4:   dpeg_oklob_shooting_range, minmay_swamp_entry_worms,
          nicolae_lair_grove_arrangements, lemuel_fruit_fields
Lair:5:   cheibrodos_lair_lostbears
Orc:1:    serial_shops, shop_fountains, uniq_harold
Orc:2:    st_orc_open, elves_outpost_lemuel
